St.Louis Blues vs Tampa Bay Lightning
Created - Tuesday, March 21, 2023 at 08:33
Goals
|
| St.Louis Blues |
1 |
3 |
0 |
4 |
| Tampa Bay Lightning |
2 |
0 |
0 |
2 |
|
Shots
|
| St.Louis Blues |
8 |
18 |
10 |
36 |
| Tampa Bay Lightning |
18 |
9 |
8 |
35 |
|
1st period
1. St.Louis Blues , Jack Eichel 1 (Adam Pelech 1) at 11:33
2. Tampa Bay Lightning , Tomas Hertl 5 (Johnny Gaudreau 4) at 11:55
3. Tampa Bay Lightning , Connor Brown 2 (Moritz Seider 2, Roope Hintz 2) at 17:09
Penalties :
Tage Thompson (STL) for Hooking (Minor) at 19:36
2nd period
4. St.Louis Blues , Jake Guentzel 4 (Elias Pettersson 5) at 14:38
5. St.Louis Blues , Alex DeBrincat 6 (Morgan Rielly 4, Alex Pietrangelo 7) at 15:09
6. St.Louis Blues , Ondrej Kase 2 (Jonas Brodin 1, Evander Kane 2) at 19:01
Penalties :
Alex Pietrangelo (STL) for Roughing (Minor) at 4:35
3rd period
No Goal
Penalties :
Morgan Rielly (STL) for Tripping (Minor) at 17:03
Goalie Stats
Frederik Andersen (STL), 33 saves from 35 shots - (0.943), W, 3-1-0, 60:00 minutes
Jeremy Swayman (TBL), 32 saves from 36 shots - (0.889), L, 1-1-0, 60:00 minutes
Players Stats for St.Louis Blues
Player Name G A P +/- PIM S H SB GA TA FO MP PP MP PK MP
------------------------------------------------------------------------------------
Adam Pelech 0 1 1 0 0 0 2 3 0 1 0/0 19:55 0:00 3:27
Alex DeBrincat 1 0 1 0 0 1 1 0 3 0 0/0 14:28 0:00 0:00
Alex Pietrangelo 0 1 1 0 2 1 1 2 0 1 0/0 26:35 0:00 0:35
Alex Tuch 0 0 0 0 0 3 0 0 2 0 2/2 19:52 0:00 1:22
Colton Parayko 0 0 0 -2 0 0 1 5 0 0 0/0 13:03 0:00 1:21
Danny DeKeyser 0 0 0 0 0 0 0 3 0 1 0/0 18:38 0:00 4:01
Elias Pettersson 0 1 1 0 0 4 1 0 0 0 12/29 20:29 0:00 1:10
Evander Kane 0 1 1 1 0 3 3 0 0 0 0/1 13:06 0:00 0:00
Frederick Gaudreau 0 0 0 1 0 0 0 0 1 0 8/9 11:08 0:00 3:08
Jack Eichel 1 0 1 1 0 4 0 0 0 0 1/2 12:23 0:00 0:00
Jake Guentzel 1 0 1 0 0 2 3 0 1 0 1/1 19:03 0:00 0:00
Jimmy Vesey 0 0 0 1 0 1 2 0 0 0 0/0 11:25 0:00 3:16
Joe Pavelski 0 0 0 1 0 3 1 1 0 0 0/0 12:40 0:00 0:00
Jonas Brodin 0 1 1 2 0 2 1 0 0 0 0/0 17:07 0:00 2:30
Morgan Rielly 0 1 1 4 2 1 1 2 1 1 0/0 24:01 0:00 0:00
Ondrej Kase 1 0 1 1 0 4 2 0 1 0 0/0 8:55 0:00 1:29
Robert Thomas 0 0 0 0 0 5 1 1 0 0 9/14 16:15 0:00 1:29
Tage Thompson 0 0 0 0 2 2 0 1 0 0 0/1 14:57 0:00 0:00
Players Stats for Tampa Bay Lightning
Player Name G A P +/- PIM S H SB GA TA FO MP PP MP PK MP
------------------------------------------------------------------------------------
Alexander Kerfoot 0 0 0 0 0 1 1 0 0 1 0/0 8:23 0:00 0:00
Alexander Romanov 0 0 0 0 0 0 2 0 0 1 0/0 15:38 0:00 0:00
Christian Dvorak 0 0 0 -1 0 3 0 1 0 2 2/6 13:26 0:00 0:00
Connor Brown 1 0 1 -1 0 2 2 0 0 0 0/0 15:12 0:00 0:00
Darnell Nurse 0 0 0 -1 0 0 4 2 0 1 0/0 23:28 2:07 0:00
Dylan Cozens 0 0 0 -1 0 2 0 0 0 0 6/9 17:57 2:35 0:00
Gabriel Landeskog 0 0 0 0 0 3 1 1 2 0 1/3 21:01 3:22 0:00
Hampus Lindholm 0 0 0 -1 0 2 0 0 0 0 0/0 20:54 3:50 0:00
Ivan Barbashev 0 0 0 -1 0 2 1 0 0 1 0/1 13:27 0:00 0:00
Johnny Gaudreau 0 1 1 0 0 5 0 0 0 0 2/3 20:20 2:35 0:00
Kirill Kaprizov 0 0 0 -1 0 3 6 0 0 0 0/0 16:13 3:22 0:00
Lars Eller 0 0 0 0 0 1 1 0 0 1 0/1 7:34 0:00 0:00
Moritz Seider 0 1 1 -1 0 1 1 2 0 1 0/0 22:21 3:50 0:00
Roope Hintz 0 1 1 -1 0 8 0 0 1 0 0/5 18:40 3:22 0:00
Ryan Graves 0 0 0 0 0 0 1 0 0 0 0/0 17:57 2:07 0:00
Tomas Hertl 1 0 1 0 0 2 1 0 0 0 15/29 20:12 2:35 0:00
Trevor Moore 0 0 0 0 0 0 0 0 1 0 0/2 7:34 0:00 0:00
Vladislav Gavrikov 0 0 0 -1 0 0 0 0 0 1 0/0 19:42 0:00 0:00
3 Stars
1 - Frederik Andersen (STL)
2 - Ondrej Kase (STL)
3 - Jake Guentzel (STL)
Power Play
St.Louis Blues - 0 on 1 Attempt(s) - 0.00%
Tampa Bay Lightning - 0 on 3 Attempt(s) - 0.00%
Penalty Kill
St.Louis Blues - 3 on 3 Attempt(s) - 100.00%
- Score 0 goal in Penalty Kill
Tampa Bay Lightning - 1 on 1 Attempt(s) - 100.00%
- Score 0 goal in Penalty Kill
Team Stat
St.Louis Blues - Hits : 20 - Faceoff Wins : 33 - Blocked Shots : 18 - Penalty Minutes : 6
Tampa Bay Lightning - Hits : 21 - Faceoff Wins : 26 - Blocked Shots : 6 - Penalty Minutes : 0
Official
Referees : Dan O'Halloran and Kevin Pollock
Linesman : John Grandt and Devin Berg
Game Notes
9:46 of 1st period - Penalty Shot by Gabriel Landeskog for Tampa Bay Lightning - Shot Misses the Net
Colton Parayko is injured at 11:19 of 2nd period (Torso)
Finance
Level 1 -- Attendance: 6000 (100.00%) -- Ticket Income $570,000
Level 2 -- Attendance: 4896 (97.92%) -- Ticket Income $269,280
Level 3 -- Attendance: 2921 (97.37%) -- Ticket Income $99,314
Level 4 -- Attendance: 5000 (100.00%) -- Ticket Income $105,000
Luxury Box -- Attendance: 1000 (100.00%) -- Ticket Income $195,000
Game was played at the Tampa Bay Times Forum.
Total Attendance: 19817 (99.09%)
Total Ticket Income: $1,238,594
Other Income: $433,508
Total Income: $1,672,102
St.Louis Blues
5 vs 5 Forward
Center Left Wing Right Wing Time % Phy DF OF
1 Elias Pettersson Jake Guentzel Alex Tuch 40 0 2 3
2 Robert Thomas Alex DeBrincat Tage Thompson 30 1 2 2
3 Jack Eichel Evander Kane Joe Pavelski 20 0 2 3
4 Frederick Gaudreau Jimmy Vesey Ondrej Kase 10 1 3 1
5 vs 5 Defense
Defense Defense Time % Phy DF OF
1 Alex Pietrangelo Colton Parayko 40 1 2 2
2 Morgan Rielly Jonas Brodin 30 1 2 2
3 Danny DeKeyser Adam Pelech 20 1 2 2
4 Alex Pietrangelo Colton Parayko 10 1 2 2
PowerPlay Forward
Center Left Wing Right Wing Time % Phy DF OF
1 Joe Pavelski Alex Tuch Elias Pettersson 60 1 0 4
2 Robert Thomas Alex DeBrincat Evander Kane 40 1 0 4
PowerPlay Defense
Defense Defense Time % Phy DF OF
1 Morgan Rielly Jake Guentzel 60 0 1 4
2 Tage Thompson Alex Pietrangelo 40 0 1 4
Penalty Kill 4 Players Forward
Center Wing Time % Phy DF OF
1 Frederick Gaudreau Jimmy Vesey 60 1 4 0
2 Robert Thomas Ondrej Kase 40 1 4 0
Penalty Kill 4 Players Defense
Defense Defense Time % Phy DF OF
1 Adam Pelech Danny DeKeyser 60 2 3 0
2 Jonas Brodin Colton Parayko 40 2 3 0
Penalty Kill - 3 Players Forward
Forward Time % Phy DF OF
1 Frederick Gaudreau 60 0 5 0
2 Robert Thomas 40 0 5 0
Penalty Kill - 3 Players Defense
Defense Defense Time % Phy DF OF
1 Adam Pelech Danny DeKeyser 60 1 4 0
2 Jonas Brodin Colton Parayko 40 1 4 0
4 vs 4 Forward
Center Wing Time % Phy DF OF
1 Elias Pettersson Alex Tuch 60 0 2 3
2 Robert Thomas Jake Guentzel 40 0 2 3
4 vs 4 Defense
Defense Defense Time % Phy DF OF
1 Alex Pietrangelo Colton Parayko 60 0 3 2
2 Morgan Rielly Jonas Brodin 40 0 3 2
Last Minutes Offensive
Center Left Wing Right Wing Defense Defense
Robert Thomas Elias Pettersson Jake Guentzel Alex Tuch Morgan Rielly
Last Minutes Defensive
Center Left Wing Right Wing Defense Defense
Frederick Gaudreau Jimmy Vesey Ondrej Kase Adam Pelech Alex Pietrangelo
Goaltenders
Starting : Frederik Andersen
Backup : Scott Wedgewood
Extra Forwards
Normal : Tage Thompson, Evander Kane, Frederick Gaudreau - PP : Alex DeBrincat, Jack Eichel - PK : Alex Tuch
Extra Defensemen
Normal : Morgan Rielly, Adam Pelech, Colton Parayko - PP : Jonas Brodin - PK : Colton Parayko, Alex Pietrangelo
Penalty Shots
Alex DeBrincat, Joe Pavelski, Alex Tuch, Elias Pettersson, Robert Thomas
Tampa Bay Lightning
5 vs 5 Forward
Center Left Wing Right Wing Time % Phy DF OF
1 Tomas Hertl Johnny Gaudreau Gabriel Landeskog 40 0 2 3
2 Dylan Cozens Roope Hintz Connor Brown 30 0 2 3
3 Christian Dvorak Kirill Kaprizov Ivan Barbashev 25 0 3 2
4 Lars Eller Alexander Kerfoot Trevor Moore 5 0 3 2
5 vs 5 Defense
Defense Defense Time % Phy DF OF
1 Darnell Nurse Moritz Seider 35 1 2 2
2 Vladislav Gavrikov Hampus Lindholm 32 1 2 2
3 Ryan Graves Alexander Romanov 28 1 2 2
4 Darnell Nurse Vladislav Gavrikov 5 1 2 2
PowerPlay Forward
Center Left Wing Right Wing Time % Phy DF OF
1 Roope Hintz Kirill Kaprizov Gabriel Landeskog 60 0 1 4
2 Tomas Hertl Johnny Gaudreau Dylan Cozens 40 0 1 4
PowerPlay Defense
Defense Defense Time % Phy DF OF
1 Moritz Seider Hampus Lindholm 60 0 2 3
2 Darnell Nurse Ryan Graves 40 0 2 3
Penalty Kill 4 Players Forward
Center Wing Time % Phy DF OF
1 Christian Dvorak Ivan Barbashev 60 1 3 1
2 Tomas Hertl Connor Brown 40 1 3 1
Penalty Kill 4 Players Defense
Defense Defense Time % Phy DF OF
1 Vladislav Gavrikov Alexander Romanov 60 1 3 1
2 Darnell Nurse Ryan Graves 40 1 3 1
Penalty Kill - 3 Players Forward
Forward Time % Phy DF OF
1 Tomas Hertl 60 1 4 0
2 Christian Dvorak 40 1 4 0
Penalty Kill - 3 Players Defense
Defense Defense Time % Phy DF OF
1 Vladislav Gavrikov Alexander Romanov 60 2 3 0
2 Darnell Nurse Ryan Graves 40 2 3 0
4 vs 4 Forward
Center Wing Time % Phy DF OF
1 Roope Hintz Kirill Kaprizov 60 1 2 2
2 Tomas Hertl Johnny Gaudreau 40 1 2 2
4 vs 4 Defense
Defense Defense Time % Phy DF OF
1 Darnell Nurse Moritz Seider 60 1 2 2
2 Vladislav Gavrikov Alexander Romanov 40 1 2 2
Last Minutes Offensive
Center Left Wing Right Wing Defense Defense
Tomas Hertl Johnny Gaudreau Gabriel Landeskog Darnell Nurse Moritz Seider
Last Minutes Defensive
Center Left Wing Right Wing Defense Defense
Tomas Hertl Ivan Barbashev Connor Brown Darnell Nurse Vladislav Gavrikov
Goaltenders
Starting : Jeremy Swayman
Backup : Darcy Kuemper
Extra Forwards
Normal : Kirill Kaprizov, Roope Hintz, Johnny Gaudreau - PP : Ivan Barbashev, Alexander Kerfoot - PK : Alexander Kerfoot
Extra Defensemen
Normal : Moritz Seider, Vladislav Gavrikov, Ryan Graves - PP : Vladislav Gavrikov - PK : Moritz Seider, Hampus Lindholm
Penalty Shots
Christian Dvorak, Alexander Kerfoot, Kirill Kaprizov, Johnny Gaudreau, Gabriel Landeskog
% Time on Ice - St.Louis Blues
Lines # - Real PCT - Wanted PCT - Time Play
Normal Forward
1 - 36% - 40% - 19:12
2 - 28% - 30% - 15:03
3 - 23% - 20% - 12:23
4 - 14% - 10% - 7:25
Normal Defense
1 - 41% - 40% - 22:19
2 - 25% - 30% - 13:26
3 - 24% - 20% - 13:02
4 - 10% - 10% - 5:16
PP Forward
1 - 0% - 60%
2 - 0% - 40%
PP Defense
1 - 0% - 60%
2 - 0% - 40%
PK Forward
1 - 75% - 60% - 4:28
2 - 25% - 40% - 1:29
PK Defense
1 - 58% - 60% - 3:27
2 - 42% - 40% - 2:30
PK3 Forward
1 - 0% - 60%
2 - 0% - 40%
PK3 Defense
1 - 0% - 60%
2 - 0% - 40%
44 Forward
1 - 0% - 60%
2 - 0% - 40%
44 Defense
1 - 0% - 60%
2 - 0% - 40%
Last Minute Offensive - 0:00
Last Minute Defensive - 0:00
Total
Forward - 60:00
Defense - 60:00
|
% Time on Ice - Tampa Bay Lightning
Lines # - Real PCT - Wanted PCT - Time Play
Normal Forward
1 - 34% - 40% - 18:20
2 - 28% - 30% - 15:19
3 - 24% - 25% - 12:50
4 - 14% - 5% - 7:34
Normal Defense
1 - 34% - 35% - 18:31
2 - 33% - 32% - 17:52
3 - 28% - 28% - 15:07
4 - 5% - 5% - 2:33
PP Forward
1 - 57% - 60% - 3:22
2 - 43% - 40% - 2:35
PP Defense
1 - 64% - 60% - 3:50
2 - 36% - 40% - 2:07
PK Forward
1 - 0% - 60%
2 - 0% - 40%
PK Defense
1 - 0% - 60%
2 - 0% - 40%
PK3 Forward
1 - 0% - 60%
2 - 0% - 40%
PK3 Defense
1 - 0% - 60%
2 - 0% - 40%
44 Forward
1 - 0% - 60%
2 - 0% - 40%
44 Defense
1 - 0% - 60%
2 - 0% - 40%
Last Minute Offensive - 0:00
Last Minute Defensive - 0:00
Total
Forward - 60:00
Defense - 60:00
|
Play-by-Play
1st period
0:01 of 1st period - Tomas Hertl wins face-off versus Elias Pettersson in neutral zone.
0:12 of 1st period - Slapshot by Gabriel Landeskog.
0:12 of 1st period - Shot Misses the Net.
0:51 of 1st period - Dylan Cozens is hit by Joe Pavelski and loses puck.
1:00 of 1st period - Slapshot by Evander Kane.
1:00 of 1st period - Stopped by Jeremy Swayman without a rebound.
1:01 of 1st period - Frederick Gaudreau wins face-off versus Tomas Hertl in Tampa Bay Lightning zone.
1:02 of 1st period - Slapshot by Ondrej Kase.
1:02 of 1st period - Stopped by Jeremy Swayman without a rebound.
1:03 of 1st period - Frederick Gaudreau wins face-off versus Tomas Hertl in Tampa Bay Lightning zone.
1:04 of 1st period - Slapshot by Ondrej Kase.
1:04 of 1st period - Stopped by Jeremy Swayman without a rebound.
1:05 of 1st period - Johnny Gaudreau wins face-off versus Frederick Gaudreau in Tampa Bay Lightning zone.
1:11 of 1st period - Off-side.
1:12 of 1st period - Elias Pettersson wins face-off versus Trevor Moore in neutral zone.
1:38 of 1st period - Robert Thomas is hit by Alexander Romanov and loses puck.
2:23 of 1st period - Snap shot by Kirill Kaprizov.
2:23 of 1st period - Shot Misses the Net.
2:45 of 1st period - Snap shot by Alexander Kerfoot.
2:45 of 1st period - Shot Misses the Net.
3:13 of 1st period - Snap shot by Johnny Gaudreau.
3:13 of 1st period - Stopped by Frederik Andersen with a rebound.
3:44 of 1st period - Wrist shot by Alex Tuch.
3:44 of 1st period - Shot Misses the Net.
4:54 of 1st period - Backhand shot by Joe Pavelski.
4:54 of 1st period - Deflect By Jack Eichel.
4:54 of 1st period - Deflect By Hampus Lindholm.
4:54 of 1st period - Stopped by Jeremy Swayman with a rebound.
5:06 of 1st period - Wrist shot by Kirill Kaprizov.
5:06 of 1st period - Deflect By Christian Dvorak.
5:06 of 1st period - Stopped by Frederik Andersen with a rebound.
5:12 of 1st period - Slapshot by Ivan Barbashev.
5:12 of 1st period - Shot Blocked by Alex Pietrangelo.
5:14 of 1st period - Slapshot by Hampus Lindholm.
5:14 of 1st period - Stopped by Frederik Andersen without a rebound.
5:15 of 1st period - Tomas Hertl wins face-off versus Robert Thomas in St.Louis Blues zone.
6:31 of 1st period - Snap shot by Trevor Moore.
6:31 of 1st period - Deflect By Lars Eller.
6:31 of 1st period - Stopped by Frederik Andersen without a rebound.
6:32 of 1st period - Jake Guentzel wins face-off versus Lars Eller in St.Louis Blues zone.
7:49 of 1st period - Ivan Barbashev is hit by Jimmy Vesey and loses puck.
8:00 of 1st period - Kirill Kaprizov is hit by Ondrej Kase and loses puck.
8:34 of 1st period - Snap shot by Ivan Barbashev.
8:34 of 1st period - Stopped by Frederik Andersen with a rebound.
8:57 of 1st period - Slapshot by Kirill Kaprizov.
8:57 of 1st period - Shot Misses the Net.
8:59 of 1st period - Wrist shot by Christian Dvorak.
8:59 of 1st period - Shot Blocked by Danny DeKeyser.
9:01 of 1st period - Snap shot by Kirill Kaprizov.
9:01 of 1st period - Shot Misses the Net.
9:03 of 1st period - Wrist shot by Ivan Barbashev.
9:03 of 1st period - Deflect By Kirill Kaprizov.
9:03 of 1st period - Shot Blocked by Danny DeKeyser.
9:03 of 1st period - Puck is out of play.
9:04 of 1st period - Tomas Hertl wins face-off versus Elias Pettersson in St.Louis Blues zone.
9:05 of 1st period - Snap shot by Gabriel Landeskog.
9:05 of 1st period - Stopped by Frederik Andersen without a rebound.
9:06 of 1st period - Elias Pettersson wins face-off versus Gabriel Landeskog in St.Louis Blues zone.
9:06 of 1st period - Elias Pettersson is hit by Darnell Nurse.
9:18 of 1st period - Slapshot by Gabriel Landeskog.
9:18 of 1st period - Shot Misses the Net.
9:44 of 1st period - Slapshot by Jack Eichel.
9:44 of 1st period - Shot Misses the Net.
9:46 of 1st period - Penalty Shot by Gabriel Landeskog for Tampa Bay Lightning.
9:46 of 1st period - Snap shot by Gabriel Landeskog.
9:46 of 1st period - Shot Misses the Net.
9:47 of 1st period - Dylan Cozens wins face-off versus Elias Pettersson in Tampa Bay Lightning zone.
10:14 of 1st period - Colton Parayko is hit by Lars Eller and loses puck.
11:08 of 1st period - Off-side.
11:09 of 1st period - Gabriel Landeskog wins face-off versus Jack Eichel in neutral zone.
11:33 of 1st period - Wrist shot by Jack Eichel.
11:33 of 1st period - Goal by Jack Eichel - St.Louis Blues : 1 - Tampa Bay Lightning : 0.
11:34 of 1st period - Tomas Hertl wins face-off versus Elias Pettersson in neutral zone.
11:39 of 1st period - Snap shot by Gabriel Landeskog.
11:39 of 1st period - Deflect By Johnny Gaudreau.
11:39 of 1st period - Shot Blocked by Alex Pietrangelo.
11:39 of 1st period - Puck is out of play.
11:40 of 1st period - Tomas Hertl wins face-off versus Elias Pettersson in St.Louis Blues zone.
11:55 of 1st period - Wrist shot by Tomas Hertl.
11:55 of 1st period - Goal by Tomas Hertl - St.Louis Blues : 1 - Tampa Bay Lightning : 1.
11:56 of 1st period - Elias Pettersson wins face-off versus Tomas Hertl in neutral zone.
12:13 of 1st period - Wrist shot by Jake Guentzel.
12:13 of 1st period - Shot Misses the Net.
12:27 of 1st period - Dylan Cozens is hit by Jonas Brodin and loses puck.
12:57 of 1st period - Wrist shot by Evander Kane.
12:57 of 1st period - Stopped by Jeremy Swayman without a rebound.
12:58 of 1st period - Johnny Gaudreau wins face-off versus Elias Pettersson in Tampa Bay Lightning zone.
13:37 of 1st period - Snap shot by Ivan Barbashev.
13:37 of 1st period - Shot Misses the Net.
13:39 of 1st period - Wrist shot by Ivan Barbashev.
13:39 of 1st period - Shot Blocked by Adam Pelech.
14:16 of 1st period - Colton Parayko is hit by Gabriel Landeskog and loses puck.
14:53 of 1st period - Wrist shot by Jack Eichel.
14:53 of 1st period - Stopped by Jeremy Swayman without a rebound.
14:54 of 1st period - Dylan Cozens wins face-off versus Robert Thomas in Tampa Bay Lightning zone.
14:59 of 1st period - Morgan Rielly is hit by Darnell Nurse and loses puck.
15:10 of 1st period - Slapshot by Roope Hintz.
15:10 of 1st period - Stopped by Frederik Andersen without a rebound.
15:11 of 1st period - Tomas Hertl wins face-off versus Elias Pettersson in St.Louis Blues zone.
15:38 of 1st period - Vladislav Gavrikov is hit by Colton Parayko and loses puck.
16:07 of 1st period - Snap shot by Kirill Kaprizov.
16:07 of 1st period - Shot Blocked by Morgan Rielly.
16:49 of 1st period - Wrist shot by Gabriel Landeskog.
16:49 of 1st period - Shot Misses the Net.
16:51 of 1st period - Wrist shot by Gabriel Landeskog.
16:51 of 1st period - Shot Misses the Net.
16:53 of 1st period - Slapshot by Johnny Gaudreau.
16:53 of 1st period - Stopped by Frederik Andersen without a rebound.
16:54 of 1st period - Robert Thomas wins face-off versus Dylan Cozens in St.Louis Blues zone.
16:59 of 1st period - Snap shot by Roope Hintz.
16:59 of 1st period - Shot Blocked by Robert Thomas.
17:01 of 1st period - Snap shot by Moritz Seider.
17:01 of 1st period - Shot Blocked by Tage Thompson.
17:03 of 1st period - Wrist shot by Connor Brown.
17:03 of 1st period - Shot Blocked by Colton Parayko.
17:05 of 1st period - Slapshot by Moritz Seider.
17:05 of 1st period - Deflect By Roope Hintz.
17:05 of 1st period - Stopped by Frederik Andersen with a rebound.
17:07 of 1st period - Slapshot by Moritz Seider.
17:07 of 1st period - Stopped by Frederik Andersen with a rebound.
17:09 of 1st period - Wrist shot by Connor Brown.
17:09 of 1st period - Goal by Connor Brown - St.Louis Blues : 1 - Tampa Bay Lightning : 2.
17:10 of 1st period - Elias Pettersson wins face-off versus Tomas Hertl in neutral zone.
17:21 of 1st period - Snap shot by Gabriel Landeskog.
17:21 of 1st period - Stopped by Frederik Andersen without a rebound.
17:22 of 1st period - Tomas Hertl wins face-off versus Elias Pettersson in St.Louis Blues zone.
17:49 of 1st period - Robert Thomas is hit by Connor Brown and loses puck.
18:16 of 1st period - Adam Pelech is hit by Connor Brown and loses puck.
18:23 of 1st period - Snap shot by Roope Hintz.
18:23 of 1st period - Stopped by Frederik Andersen with a rebound.
18:25 of 1st period - Wrist shot by Connor Brown.
18:25 of 1st period - Shot Misses the Net.
18:45 of 1st period - Slapshot by Roope Hintz.
18:45 of 1st period - Stopped by Frederik Andersen with a rebound.
18:51 of 1st period - Wrist shot by Dylan Cozens.
18:51 of 1st period - Stopped by Frederik Andersen with a rebound.
18:53 of 1st period - Snap shot by Roope Hintz.
18:53 of 1st period - Stopped by Frederik Andersen with a rebound.
18:59 of 1st period - Snap shot by Roope Hintz.
18:59 of 1st period - Stopped by Frederik Andersen without a rebound.
19:00 of 1st period - Elias Pettersson wins face-off versus Johnny Gaudreau in St.Louis Blues zone.
19:36 of 1st period - Minor Penalty to Tage Thompson for Hooking.
19:37 of 1st period - Frederick Gaudreau wins face-off versus Roope Hintz in St.Louis Blues zone.
19:37 of 1st period - Frederick Gaudreau is hit by Kirill Kaprizov.
19:44 of 1st period - Icing by Hampus Lindholm.
19:45 of 1st period - Frederick Gaudreau wins face-off versus Roope Hintz in Tampa Bay Lightning zone.
19:50 of 1st period - Snap shot by Jimmy Vesey.
19:50 of 1st period - Stopped by Jeremy Swayman with a rebound.
Goals for this period are 1 for St.Louis Blues vs 2 for Tampa Bay Lightning.
Shots for this period are 8 for St.Louis Blues vs 18 for Tampa Bay Lightning.
2nd period
0:01 of 2nd period - Frederick Gaudreau wins face-off versus Roope Hintz in neutral zone.
0:16 of 2nd period - Jimmy Vesey is hit by Kirill Kaprizov and loses puck.
1:19 of 2nd period - Elias Pettersson is hit by Tomas Hertl and loses puck.
1:35 of 2nd period - Moritz Seider is hit by Jimmy Vesey and loses puck.
1:36 of 2nd period - Penalty to Tage Thompson is over, Tage Thompson is back on ice.
2:40 of 2nd period - Slapshot by Joe Pavelski.
2:40 of 2nd period - Stopped by Jeremy Swayman with a rebound.
3:00 of 2nd period - Snap shot by Elias Pettersson.
3:00 of 2nd period - Stopped by Jeremy Swayman with a rebound.
3:02 of 2nd period - Wrist shot by Alex Tuch.
3:02 of 2nd period - Stopped by Jeremy Swayman with a rebound.
4:12 of 2nd period - Ryan Graves is hit by Adam Pelech and loses puck.
4:35 of 2nd period - Minor Penalty to Alex Pietrangelo for Roughing.
4:36 of 2nd period - Frederick Gaudreau wins face-off versus Roope Hintz in St.Louis Blues zone.
4:51 of 2nd period - Snap shot by Gabriel Landeskog.
4:51 of 2nd period - Shot Misses the Net.
6:35 of 2nd period - Penalty to Alex Pietrangelo is over, Alex Pietrangelo is back on ice.
6:47 of 2nd period - Snap shot by Alexander Kerfoot.
6:47 of 2nd period - Shot Blocked by Colton Parayko.
6:49 of 2nd period - Snap shot by Ryan Graves.
6:49 of 2nd period - Shot Blocked by Joe Pavelski.
6:51 of 2nd period - Snap shot by Alexander Kerfoot.
6:51 of 2nd period - Stopped by Frederik Andersen without a rebound.
6:52 of 2nd period - Elias Pettersson wins face-off versus Trevor Moore in St.Louis Blues zone.
7:24 of 2nd period - Wrist shot by Jack Eichel.
7:24 of 2nd period - Stopped by Jeremy Swayman with a rebound.
7:30 of 2nd period - Jack Eichel is hit by Darnell Nurse and loses puck.
7:35 of 2nd period - Wrist shot by Alexander Kerfoot.
7:35 of 2nd period - Deflect By Trevor Moore.
7:35 of 2nd period - Shot Blocked by Morgan Rielly.
7:35 of 2nd period - Puck is out of play.
7:36 of 2nd period - Elias Pettersson wins face-off versus Tomas Hertl in St.Louis Blues zone.
7:49 of 2nd period - Slapshot by Johnny Gaudreau.
7:49 of 2nd period - Shot Blocked by Colton Parayko.
8:15 of 2nd period - Slapshot by Dylan Cozens.
8:15 of 2nd period - Shot Blocked by Colton Parayko.
8:27 of 2nd period - Wrist shot by Christian Dvorak.
8:27 of 2nd period - Shot Misses the Net.
8:37 of 2nd period - Wrist shot by Ivan Barbashev.
8:37 of 2nd period - Stopped by Frederik Andersen with a rebound.
8:39 of 2nd period - Wrist shot by Kirill Kaprizov.
8:39 of 2nd period - Stopped by Frederik Andersen with a rebound.
8:49 of 2nd period - Slapshot by Elias Pettersson.
8:49 of 2nd period - Shot Blocked by Moritz Seider.
9:27 of 2nd period - Wrist shot by Roope Hintz.
9:27 of 2nd period - Shot Misses the Net.
9:39 of 2nd period - Snap shot by Alex DeBrincat.
9:39 of 2nd period - Shot Misses the Net.
9:42 of 2nd period - Icing by Connor Brown.
9:43 of 2nd period - Dylan Cozens wins face-off versus Elias Pettersson in Tampa Bay Lightning zone.
10:20 of 2nd period - Wrist shot by Evander Kane.
10:20 of 2nd period - Stopped by Jeremy Swayman with a rebound.
10:26 of 2nd period - Joe Pavelski is hit by Ryan Graves.
10:32 of 2nd period - Snap shot by Roope Hintz.
10:32 of 2nd period - Shot Misses the Net.
11:15 of 2nd period - Snap shot by Dylan Cozens.
11:15 of 2nd period - Stopped by Frederik Andersen without a rebound.
11:16 of 2nd period - Tomas Hertl wins face-off versus Elias Pettersson in St.Louis Blues zone.
11:19 of 2nd period - Slapshot by Johnny Gaudreau.
11:19 of 2nd period - Shot Blocked by Colton Parayko.
11:19 of 2nd period - Colton Parayko from St.Louis Blues is injured at 11:19 of 2nd period (Torso).
11:20 of 2nd period - Tomas Hertl wins face-off versus Elias Pettersson in St.Louis Blues zone.
11:21 of 2nd period - Snap shot by Johnny Gaudreau.
11:21 of 2nd period - Stopped by Frederik Andersen without a rebound.
11:22 of 2nd period - Alex Tuch wins face-off versus Gabriel Landeskog in St.Louis Blues zone.
11:51 of 2nd period - Slapshot by Robert Thomas.
11:51 of 2nd period - Stopped by Jeremy Swayman without a rebound.
11:52 of 2nd period - Robert Thomas wins face-off versus Christian Dvorak in Tampa Bay Lightning zone.
12:03 of 2nd period - Ivan Barbashev is hit by Alex DeBrincat and loses puck.
12:16 of 2nd period - Wrist shot by Alex DeBrincat.
12:16 of 2nd period - Shot Blocked by Christian Dvorak.
12:52 of 2nd period - Snap shot by Kirill Kaprizov.
12:52 of 2nd period - Shot Misses the Net.
12:54 of 2nd period - Snap shot by Christian Dvorak.
12:54 of 2nd period - Stopped by Frederik Andersen without a rebound.
12:55 of 2nd period - Tomas Hertl wins face-off versus Elias Pettersson in St.Louis Blues zone.
13:22 of 2nd period - Moritz Seider is hit by Adam Pelech and loses puck.
13:51 of 2nd period - Ryan Graves is hit by Ondrej Kase and loses puck.
14:22 of 2nd period - Snap shot by Johnny Gaudreau.
14:22 of 2nd period - Stopped by Frederik Andersen with a rebound.
14:24 of 2nd period - Slapshot by Gabriel Landeskog.
14:24 of 2nd period - Stopped by Frederik Andersen without a rebound.
14:25 of 2nd period - Elias Pettersson wins face-off versus Tomas Hertl in St.Louis Blues zone.
14:34 of 2nd period - Wrist shot by Elias Pettersson.
14:34 of 2nd period - Stopped by Jeremy Swayman with a rebound.
14:36 of 2nd period - Slapshot by Elias Pettersson.
14:36 of 2nd period - Stopped by Jeremy Swayman without a rebound.
14:37 of 2nd period - Elias Pettersson wins face-off versus Tomas Hertl in Tampa Bay Lightning zone.
14:38 of 2nd period - Snap shot by Jake Guentzel.
14:38 of 2nd period - Goal by Jake Guentzel - St.Louis Blues : 2 - Tampa Bay Lightning : 2.
14:39 of 2nd period - Tomas Hertl wins face-off versus Elias Pettersson in neutral zone.
14:48 of 2nd period - Wrist shot by Elias Pettersson.
14:48 of 2nd period - Stopped by Jeremy Swayman with a rebound.
14:50 of 2nd period - Wrist shot by Jake Guentzel.
14:50 of 2nd period - Shot Blocked by Darnell Nurse.
14:52 of 2nd period - Snap shot by Alex Tuch.
14:52 of 2nd period - Stopped by Jeremy Swayman with a rebound.
14:54 of 2nd period - Wrist shot by Alex Tuch.
14:54 of 2nd period - Stopped by Jeremy Swayman without a rebound.
14:55 of 2nd period - Christian Dvorak wins face-off versus Robert Thomas in Tampa Bay Lightning zone.
15:01 of 2nd period - Wrist shot by Tage Thompson.
15:01 of 2nd period - Stopped by Jeremy Swayman with a rebound.
15:03 of 2nd period - Slapshot by Alex Pietrangelo.
15:03 of 2nd period - Stopped by Jeremy Swayman with a rebound.
15:09 of 2nd period - Slapshot by Alex DeBrincat.
15:09 of 2nd period - Goal by Alex DeBrincat - St.Louis Blues : 3 - Tampa Bay Lightning : 2.
15:10 of 2nd period - Alex Tuch wins face-off versus Tomas Hertl in neutral zone.
15:15 of 2nd period - Slapshot by Jake Guentzel.
15:15 of 2nd period - Shot Misses the Net.
15:17 of 2nd period - Snap shot by Morgan Rielly.
15:17 of 2nd period - Stopped by Jeremy Swayman without a rebound.
15:18 of 2nd period - Elias Pettersson wins face-off versus Tomas Hertl in Tampa Bay Lightning zone.
15:27 of 2nd period - Vladislav Gavrikov is hit by Jake Guentzel and loses puck.
17:27 of 2nd period - Slapshot by Johnny Gaudreau.
17:27 of 2nd period - Deflect By Tomas Hertl.
17:27 of 2nd period - Shot Misses the Net.
17:27 of 2nd period - Puck is out of play.
17:28 of 2nd period - Robert Thomas wins face-off versus Christian Dvorak in St.Louis Blues zone.
17:37 of 2nd period - Snap shot by Alex DeBrincat.
17:37 of 2nd period - Shot Hit the Post.
17:45 of 2nd period - Tage Thompson is hit by Kirill Kaprizov and loses puck.
18:06 of 2nd period - Wrist shot by Connor Brown.
18:06 of 2nd period - Stopped by Frederik Andersen without a rebound.
18:07 of 2nd period - Jack Eichel wins face-off versus Christian Dvorak in St.Louis Blues zone.
18:21 of 2nd period - Danny DeKeyser is hit by Kirill Kaprizov and loses puck.
18:29 of 2nd period - Icing by Evander Kane.
18:30 of 2nd period - Dylan Cozens wins face-off versus Tage Thompson in St.Louis Blues zone.
18:57 of 2nd period - Wrist shot by Ondrej Kase.
18:57 of 2nd period - Stopped by Jeremy Swayman with a rebound.
18:59 of 2nd period - Wrist shot by Jonas Brodin.
18:59 of 2nd period - Shot Blocked by Darnell Nurse.
19:01 of 2nd period - Backhand shot by Ondrej Kase.
19:01 of 2nd period - Goal by Ondrej Kase - St.Louis Blues : 4 - Tampa Bay Lightning : 2.
19:02 of 2nd period - Robert Thomas wins face-off versus Christian Dvorak in neutral zone.
19:19 of 2nd period - Icing by Kirill Kaprizov.
19:20 of 2nd period - Christian Dvorak wins face-off versus Elias Pettersson in Tampa Bay Lightning zone.
19:20 of 2nd period - Christian Dvorak is hit by Alex Pietrangelo.
19:50 of 2nd period - Christian Dvorak is hit by Jake Guentzel.
Goals for this period are 3 for St.Louis Blues vs 0 for Tampa Bay Lightning.
Shots for this period are 18 for St.Louis Blues vs 9 for Tampa Bay Lightning.
3rd period
0:01 of 3rd period - Robert Thomas wins face-off versus Tomas Hertl in neutral zone.
0:04 of 3rd period - Wrist shot by Alex DeBrincat.
0:04 of 3rd period - Shot Misses the Net.
0:55 of 3rd period - Snap shot by Jack Eichel.
0:55 of 3rd period - Shot Blocked by Moritz Seider.
0:57 of 3rd period - Snap shot by Evander Kane.
0:57 of 3rd period - Shot Misses the Net.
0:59 of 3rd period - Wrist shot by Joe Pavelski.
0:59 of 3rd period - Stopped by Jeremy Swayman with a rebound.
1:01 of 3rd period - Wrist shot by Joe Pavelski.
1:01 of 3rd period - Deflect By Evander Kane.
1:01 of 3rd period - Shot Misses the Net.
1:01 of 3rd period - Puck is out of play.
1:02 of 3rd period - Robert Thomas wins face-off versus Tomas Hertl in Tampa Bay Lightning zone.
1:28 of 3rd period - Icing by Vladislav Gavrikov.
1:29 of 3rd period - Dylan Cozens wins face-off versus Elias Pettersson in Tampa Bay Lightning zone.
1:38 of 3rd period - Slapshot by Roope Hintz.
1:38 of 3rd period - Stopped by Frederik Andersen with a rebound.
1:40 of 3rd period - Wrist shot by Connor Brown.
1:40 of 3rd period - Deflect By Roope Hintz.
1:40 of 3rd period - Stopped by Frederik Andersen without a rebound.
1:41 of 3rd period - Elias Pettersson wins face-off versus Tomas Hertl in St.Louis Blues zone.
2:08 of 3rd period - Alexander Romanov is hit by Evander Kane and loses puck.
2:27 of 3rd period - Snap shot by Gabriel Landeskog.
2:27 of 3rd period - Shot Misses the Net.
2:49 of 3rd period - Wrist shot by Gabriel Landeskog.
2:49 of 3rd period - Shot Misses the Net.
2:55 of 3rd period - Alexander Romanov is hit by Evander Kane and loses puck.
3:08 of 3rd period - Slapshot by Joe Pavelski.
3:08 of 3rd period - Stopped by Jeremy Swayman without a rebound.
3:09 of 3rd period - Robert Thomas wins face-off versus Dylan Cozens in Tampa Bay Lightning zone.
3:36 of 3rd period - Morgan Rielly is hit by Kirill Kaprizov and loses puck.
4:20 of 3rd period - Snap shot by Darnell Nurse.
4:20 of 3rd period - Shot Blocked by Adam Pelech.
5:59 of 3rd period - Adam Pelech is hit by Alexander Romanov and loses puck.
6:10 of 3rd period - Snap shot by Gabriel Landeskog.
6:10 of 3rd period - Shot Misses the Net.
6:12 of 3rd period - Wrist shot by Tomas Hertl.
6:12 of 3rd period - Stopped by Frederik Andersen without a rebound.
6:13 of 3rd period - Frederick Gaudreau wins face-off versus Tomas Hertl in St.Louis Blues zone.
6:39 of 3rd period - Christian Dvorak is hit by Jake Guentzel and loses puck.
6:52 of 3rd period - Jake Guentzel is hit by Ivan Barbashev.
7:02 of 3rd period - Wrist shot by Jake Guentzel.
7:02 of 3rd period - Stopped by Jeremy Swayman without a rebound.
7:03 of 3rd period - Dylan Cozens wins face-off versus Robert Thomas in Tampa Bay Lightning zone.
7:10 of 3rd period - Snap shot by Robert Thomas.
7:10 of 3rd period - Stopped by Jeremy Swayman with a rebound.
7:12 of 3rd period - Snap shot by Tage Thompson.
7:12 of 3rd period - Stopped by Jeremy Swayman with a rebound.
7:14 of 3rd period - Snap shot by Robert Thomas.
7:14 of 3rd period - Stopped by Jeremy Swayman without a rebound.
7:15 of 3rd period - Tomas Hertl wins face-off versus Elias Pettersson in Tampa Bay Lightning zone.
8:13 of 3rd period - Wrist shot by Christian Dvorak.
8:13 of 3rd period - Stopped by Frederik Andersen with a rebound.
8:15 of 3rd period - Snap shot by Ivan Barbashev.
8:15 of 3rd period - Shot Blocked by Adam Pelech.
8:17 of 3rd period - Wrist shot by Hampus Lindholm.
8:17 of 3rd period - Deflect By Joe Pavelski.
8:17 of 3rd period - Stopped by Frederik Andersen without a rebound.
8:18 of 3rd period - Tomas Hertl wins face-off versus Elias Pettersson in St.Louis Blues zone.
8:45 of 3rd period - Morgan Rielly is hit by Kirill Kaprizov and loses puck.
8:53 of 3rd period - Off-side.
8:54 of 3rd period - Tomas Hertl wins face-off versus Robert Thomas in neutral zone.
9:11 of 3rd period - Snap shot by Robert Thomas.
9:11 of 3rd period - Shot Blocked by Gabriel Landeskog.
10:44 of 3rd period - Adam Pelech is hit by Darnell Nurse and loses puck.
11:25 of 3rd period - Snap shot by Alex DeBrincat.
11:25 of 3rd period - Shot Hit the Post.
11:27 of 3rd period - Wrist shot by Robert Thomas.
11:27 of 3rd period - Stopped by Jeremy Swayman with a rebound.
11:29 of 3rd period - Snap shot by Robert Thomas.
11:29 of 3rd period - Stopped by Jeremy Swayman with a rebound.
11:35 of 3rd period - Adam Pelech is hit by Alexander Kerfoot and loses puck.
12:22 of 3rd period - Wrist shot by Tage Thompson.
12:22 of 3rd period - Shot Misses the Net.
12:24 of 3rd period - Slapshot by Jonas Brodin.
12:24 of 3rd period - Stopped by Jeremy Swayman with a rebound.
12:26 of 3rd period - Slapshot by Jonas Brodin.
12:26 of 3rd period - Stopped by Jeremy Swayman without a rebound.
12:27 of 3rd period - Elias Pettersson wins face-off versus Tomas Hertl in Tampa Bay Lightning zone.
13:04 of 3rd period - Moritz Seider is hit by Morgan Rielly and loses puck.
14:28 of 3rd period - Alexander Romanov is hit by Elias Pettersson and loses puck.
14:39 of 3rd period - Alexander Kerfoot is hit by Evander Kane and loses puck.
15:11 of 3rd period - Snap shot by Johnny Gaudreau.
15:11 of 3rd period - Shot Misses the Net.
15:13 of 3rd period - Snap shot by Gabriel Landeskog.
15:13 of 3rd period - Shot Misses the Net.
15:21 of 3rd period - Snap shot by Johnny Gaudreau.
15:21 of 3rd period - Stopped by Frederik Andersen without a rebound.
15:22 of 3rd period - Robert Thomas wins face-off versus Ivan Barbashev in St.Louis Blues zone.
16:16 of 3rd period - Off-side.
16:17 of 3rd period - Robert Thomas wins face-off versus Dylan Cozens in neutral zone.
16:40 of 3rd period - Snap shot by Ivan Barbashev.
16:40 of 3rd period - Deflect By Kirill Kaprizov.
16:40 of 3rd period - Stopped by Frederik Andersen with a rebound.
16:42 of 3rd period - Backhand shot by Christian Dvorak.
16:42 of 3rd period - Shot Misses the Net.
16:44 of 3rd period - Snap shot by Kirill Kaprizov.
16:44 of 3rd period - Shot Blocked by Danny DeKeyser.
16:46 of 3rd period - Slapshot by Kirill Kaprizov.
16:46 of 3rd period - Stopped by Frederik Andersen without a rebound.
16:47 of 3rd period - Tomas Hertl wins face-off versus Evander Kane in St.Louis Blues zone.
17:03 of 3rd period - Minor Penalty to Morgan Rielly for Tripping.
17:04 of 3rd period - Frederick Gaudreau wins face-off versus Roope Hintz in St.Louis Blues zone.
17:04 of 3rd period - Frederick Gaudreau is hit by Moritz Seider.
19:03 of 3rd period - Penalty to Morgan Rielly is over, Morgan Rielly is back on ice.
19:52 of 3rd period - Alexander Romanov is hit by Robert Thomas and loses puck.
Goals for this period are 0 for St.Louis Blues vs 0 for Tampa Bay Lightning.
Shots for this period are 10 for St.Louis Blues vs 8 for Tampa Bay Lightning.
Back to the Top